 Dungeon Crawl Stone Soup version 0.30-a0-1160-g6e42c06 (webtiles) character file.

Game seed: 15386551302919334518

54961 Booba the Warrior (level 14, -1/211 HPs)
             Began as a Hill Orc Fighter on Apr 25, 2023.
             Was a High Priest of Beogh.
             Slain by a salamander
             ... wielding a +0 spear
              (15 damage)
             ... on level 1 of the Snake Pit.
             The game lasted 01:47:30 (18077 turns).

Booba the Warrior (Hill Orc Fighter)               Turns: 18077, Time: 01:47:31

Health: -1/211     AC: 27    Str: 26    XL:     14   Next: 75%
Magic:  14/14      EV: -1    Int:  4    God:    Beogh [*****.]
Gold:   1431       SH:  7    Dex: 10    Spells: 13/13 levels left

rFire   . . .        m - +8 hand axe "Suxkiys" {venom, rN++}
rCold   + + +        c - +1 buckler {rC+}
rNeg    + + .        n - melded +0 shadow dragon scales
rPois   +            f - melded +0 helmet
rElec   +            x - melded +2 cloak {rPois}
rCorr   .            d - melded +0 pair of gloves {Stlth+}
SInv    +            h - melded +1 pair of boots of Iwedd {+Inv rF- rN+++ Regen+}
Will    +....        q - amulet of the acrobat
Stlth   +            a - ring of the Ageless Priests {rElec rC++ Str+2 Int-4 SInv}
HPRegen 0.55/turn    o - ring of protection from cold
MPRegen 0.14/turn

%: acrobat
@: lethally poisoned (-1 -> -3), tree-form, hasted, constricted, very quick
A: stationary, stasis, torment immunity, boosted hp, walk on water, wild magic 1
a: Renounce Religion, Smiting, Recall Orcish Followers, Give Item to Named
Follower


You were on level 1 of the Snake Pit.
You worshipped Beogh.
Beogh was extremely pleased with you.
You were a tree.
You visited 4 branches of the dungeon, and saw 20 of its levels.
You visited 1 bazaar.
You also visited: Sewer, Ossuary and Gauntlet.

You collected 2929 gold pieces.
You spent 1498 gold pieces at shops.

Inventory:

Hand Weapons
 k - the +6 mace of the Abyss {freeze, rF++ MP+9 Dex-3}
   (You took it off a tengu reaver on level 13 of the Dungeon)

   Dex:       It affects your dexterity (-3).
   rF:        It greatly protects you from fire.
   MP:        It affects your magic capacity (+9).
 m - the +8 hand axe "Suxkiys" (weapon) {venom, rN++}
   (You found it on level 5 of the Dungeon)

   rN:        It greatly protects you from negative energy.
 F - a +1 battleaxe of freezing
 X - the +1 battleaxe of Kicanoh {venom, *Slow Fly rCorr Stlth+}
   (You found it on level 7 of the Dungeon)

   Fly:       It grants you flight.
   rCorr:     It protects you from acid and corrosion.
   *Slow:     It may slow you when you take damage.
   Stlth:     It makes you more stealthy.
Armour
 c - a +1 buckler of cold resistance (worn)
 d - a +0 pair of gloves of stealth (melded)
 f - a +0 helmet (melded)
 h - the +1 pair of boots of Iwedd (melded) {+Inv rF- rN+++ Regen+}
   (You found it on level 2 of the Dungeon)

   rF:        It makes you vulnerable to fire.
   rN:        It renders you almost immune to negative energy.
   +Inv:      It lets you turn invisible.
   Regen:     It increases your rate of health regeneration.
 n - +0 shadow dragon scales (melded)
 x - a +2 cloak of poison resistance (melded)
 B - the +2 pair of slick slippers {slick, slippery, EV+4}
   (You acquired it on level 7 of the Dungeon)

   Slick:     Its wearer cannot be constricted, engulfed, netted or webbed.
   Slippery:  Its wearer slips away from damaging melee attacks, pulling the
   attacker onward.
   EV:        It affects your evasion (+4).
Jewellery
 a - the ring of the Ageless Priests (left branch) {rElec rC++ Str+2 Int-4 SInv}
   (You took it off a frost giant on level 13 of the Dungeon)

   [ring of see invisible]

   Str:       It affects your strength (+2).
   Int:       It affects your intelligence (-4).
   rC:        It greatly protects you from cold.
   rElec:     It insulates you from electricity.
   SInv:      It lets you see invisible.
 g - a +6 ring of dexterity
 i - a ring of protection from fire
 o - a ring of protection from cold (right branch)
 q - an amulet of the acrobat (around neck)
 y - a +4 ring of protection
 E - a ring of flight
 R - the ring of Equilibrium {rC+ rN+}
   (You took it off a tengu reaver on level 13 of the Dungeon)

   [ring of protection from cold]

   rC:        It protects you from cold.
   rN:        It protects you from negative energy.
Wands
 u - a wand of digging (6)
 v - a wand of flame (72)
 G - a wand of roots (26)
 M - a wand of light (6)
 P - a wand of polymorph (10)
 Q - a wand of charming (4)
 Z - a wand of mindburst (11)
Scrolls
 e - 4 scrolls of teleportation
 r - 3 scrolls of blinking
 t - 4 scrolls of fear
 z - 3 scrolls of brand weapon
 C - 2 scrolls of enchant weapon
 D - 3 scrolls of fog
 J - a scroll of silence
 N - 9 scrolls of identify
 O - 2 scrolls of magic mapping
 U - 2 scrolls of poison
Potions
 b - 6 potions of flight
 j - 3 potions of invisibility
 l - a potion of magic
 s - 3 potions of haste
 w - a potion of lignification
 H - 5 potions of might
 S - 7 potions of curing
Miscellaneous
 p - a box of beasts
 A - a phial of floods
 L - a phantom mirror (inert)
 T - a condenser vane (inert)


   Skills:
 + Level 17.8 Fighting
 + Level 15.6 Axes
 + Level 14.1 Armour
 + Level 5.5 Dodging
 + Level 11.0 Shields
 - Level 1.0 Invocations
 - Level 0.4 Evocations


You had 13 spell levels left.
You didn't know any spells.
Your spell library contained the following spells:

 Spells                   Type           Power      Damage    Failure   Level
 Apportation              Tloc           0%         N/A       63%         1
 Freeze                   Ice            0%         1d3       63%         1
 Shock                    Conj/Air       0%         1d3       63%         1
 Slow                     Hex            0%         N/A       63%         1
 Sting                    Tmut/Pois      0%         1d3       63%         1
 Blink                    Tloc           0%         N/A       75%         2
 Cigotuvi's Dreadful Rot  Necr/Pois/Air  0%         N/A       75%         2
 Lesser Beckoning         Tloc           0%         N/A       75%         2
 Poisonous Vapours        Pois/Air       0%         N/A       75%         2
 Confusing Touch          Hex            0%         N/A       92%         3
 Frozen Ramparts          Ice            0%         1d1       92%         3
 Gell's Gravitas          Tloc           0%         N/A       92%         3
 Hailstorm                Conj/Ice       0%         3d3       92%         3
 Ignite Poison            Fire/Tmut/Pois 0%         N/A       92%         3
 Mephitic Cloud           Conj/Pois/Air  0%         N/A       92%         3
 Ozocubu's Armour         Ice            0%         N/A       92%         3
 Swiftness                Air            0%         N/A       92%         3
 Teleport Other           Tloc           0%         N/A       92%         3
 Vampiric Draining        Necr           0%         2d6       92%         3
 Airstrike                Air            0%         2d(0-16)  100%        4
 Manifold Assault         Tloc           0%         N/A       100%        4
 Olgreb's Toxic Radiance  Pois           0%         N/A       100%        4
 Alistair's Intoxication  Tmut/Pois      0%         N/A       100%        5
 Freezing Cloud           Conj/Ice/Air   0%         6-21      100%        5
 Simulacrum               Ice/Necr       0%         N/A       100%        6
 Ozocubu's Refrigeration  Ice            0%         4d7       100%        7
 Storm Form               Tmut/Air       0%         N/A       100%        7
 Polar Vortex             Ice            0%         N/A       100%        9


Dungeon Overview and Level Annotations

Branches:
Dungeon (15/15)            Temple (0/1) D:6            Lair (2/5) D:10
  Swamp (0/4) Lair:2        Snake (1/4) Lair:2          Orc (2/2) D:11
    Elf (0/3) Orc:2        Vaults (0/5) D:13         Depths (0/4) D:15
  Sewer (visited)         Ossuary (visited)         Gauntlet (visited)

Altars:
Ashenzari
Cheibriados
Fedhas
Gozag
Makhleb
Uskayaw
Wu Jian
Xom
Zin

Shops:
D:2 =   D:5 *   D:6 :   D:11 ?   D:12 [   D:14 (   Orc:2 **?=

Annotations:
Orc:1 Nergalle


Innate Abilities, Weirdness & Mutations

You are a tree.
Your roots penetrate the ground, keeping you stationary.
You cannot be teleported.
You are immune to unholy pain and torment.
Your maximum health is greatly increased.
Your equipment is partially melded.
You can walk on water.
Your spells are a little harder to cast, but a little more powerful.


Message History

The naga ritualist is severely wounded.
You slash the naga warrior!
You feel sick.
You are no longer poisoned.
The naga warrior hits you with a +0 long sword.
* * * LOW HITPOINT WARNING * * *
The naga warrior constricts you.
* * * LOW HITPOINT WARNING * * *
The naga mage hits you but does no damage.
The naga ritualist mumbles some strange prayers to its god.
The naga ritualist begins to radiate toxic energy.
You are poisoned.
Orik looks as sick as possible!
The salamander completely misses you.
You hit the naga ritualist but do no damage.
The naga ritualist is severely wounded.
The naga warrior blocks your attack.
You feel yourself speed up.
You feel sick.
You are more poisoned.
Orik looks as sick as possible!
Geork looks as sick as possible!
The naga mage hits you from afar with a +4 spear!
* * * LOW HITPOINT WARNING * * *
You block the naga warrior's attack. The naga warrior constricts you.
* * * LOW HITPOINT WARNING * * *
The naga ritualist hits you but does no damage.
The salamander hits you from afar with a +0 spear.
* * * LOW HITPOINT WARNING * * *
You are engulfed in flames!
* * * LOW HITPOINT WARNING * * *
You feel yourself speed up.
You feel sick.
Geork looks as sick as possible!
The naga mage hits you from afar with a +4 spear!
* * * LOW HITPOINT WARNING * * *
You block the naga warrior's attack. The naga warrior constricts you.
The naga ritualist calls down the wrath of its god upon you.
You resist with significant effort.
The naga mage hits you from afar with a +4 spear!
* * * LOW HITPOINT WARNING * * *
The salamander hits you from afar with a +0 spear!
You die...

......#### ......##.#
........### .........##
.........######
#........#....##
####..............#
........####...oo##
....<####...#..#♣#
....#.##.....###NNN...#
....##........#...N..##
...# #........##...###
... #........###### ..#
#.......## ## #.....###
#######


You could see a naga warrior (very poisoned), a salamander (strong), a naga
ritualist (strong, toxic aura, curare, very poisoned, ally target), a naga mage
(fast, strong), the friendly Geork the orc knight (strong, extremely poisoned)
and the friendly Orik the orc knight (strong, extremely poisoned).

Vanquished Creatures
  Gastronok (Lair:2)
  A frost giant (D:13)
  Azrael (Orc:2)
  A minotaur (Gauntlet)
  Erica (D:9)
  A spriggan skeleton (D:15)
  2 centaur warriors
  2 ogre magi (Orc:2)
  10 two-headed ogres
  A death scarab (Gauntlet)
  A vampire mage (D:15)
  Nergalle (Orc:1)
  6 skeletal warriors
  A sixfirhy (Gauntlet)
  A shadow wraith (D:13)
  A lindwurm (D:13)
  Pikel (D:6)
  A bog body (Lair:2)
  3 orc knights
  2 orc sorcerers
  A deep elf pyromancer (D:12)
  2 ugly things (D:14)
  A frost giant skeleton (D:15)
  An elephant (D:10)
  A guardian serpent (Snake:1)
  9 gargoyles
  An unseen horror (D:11)
  An efreet (D:14)
  2 yaktaurs
  3 komodo dragons
  A polar bear (Lair:1)
  2 trolls
  12 hornets (D:11)
  2 blink frogs (Lair:2)
  Prince Ribbit (D:7)
  A dream sheep (Lair:1)
  2 slime creatures (D:12)
  A centaur simulacrum (Gauntlet)
  A yak (D:12)
  3 wyverns
  3 fire elementals (Orc:2)
  A spectral komodo dragon (Gauntlet)
  2 steam dragons
  3 wraiths
  Menkaure (Ossuary)
  A naga (Snake:1)
  3 vampire mosquitoes (D:14)
  3 wargs
  3 acid dragons
  2 water moccasins (Lair:2)
  A hell hound (Orc:2)
  10 orc warriors
  2 sky beasts (D:7)
  3 black bears
  An ice dragon simulacrum (Gauntlet)
  20 ogres
  3 centaurs
  2 lemures (D:6)
  A phantom (D:5)
  3 scorpions
  10 bullfrogs
  3 gnoll sergeants
  11 wights
  8 killer bees (D:9)
  3 howler monkeys (D:13)
  10 orc priests
  2 gnoll boudas
  3 hounds
  A jelly (D:5)
  6 iguanas
  25 orc wizards
  4 hell rats (Lair:1)
  A boggart simulacrum (Gauntlet)
  4 mummies
  Robin (D:3)
  21 gnolls
  7 adders
  A white imp (D:3)
  5 ufetubi
  7 worms
  4 dart slugs
  40 orcs
  A bat (D:3)
  14 endoplasms
  12 giant cockroaches
  3 gnoll zombies (Ossuary)
  19 goblins
  14 hobgoblins
  2 jackals (D:5)
  7 kobolds
  11 quokkas
  26 ball pythons
  10 frilled lizards
  5 gnoll skeletons (Ossuary)
  3 goblin skeletons (Ossuary)
  5 goblin zombies
  2 hobgoblin skeletons (Ossuary)
  7 hobgoblin zombies (Ossuary)
  6 kobold skeletons (Ossuary)
  3 kobold zombies
  7 orc skeletons (Ossuary)
  3 orc zombies (Ossuary)
  6 rats
  2 rat skeletons (Ossuary)
  6 rat zombies (Ossuary)
506 creatures vanquished.

Vanquished Creatures (collateral kills)
  A tengu reaver (D:13)
  The ghost of skewfiend the Fencer, a journeyman BaFi of Trog (Orc:2)
  2 ogre magi (Orc:2)
  A catoblepas (D:14)
  2 hydras
  3 boulder beetles
  A centaur warrior (D:13)
  5 two-headed ogres
  A skeletal warrior (D:15)
  A bog body (Lair:2)
  A wizard (D:13)
  An oklob plant (Lair:1)
  4 ugly things
  A necromancer (D:15)
  A manticore (D:14)
  A cyclops (D:15)
  A gargoyle (D:12)
  A spriggan zombie (D:15)
  4 yaktaurs (D:13)
  An efreet (D:15)
  A rime drake (Lair:2)
  A troll (D:14)
  A polar bear (Lair:1)
  A tarantella (shapeshifter) (D:13)
  3 blink frogs (Lair:2)
  6 dream sheep (Lair:1)
  An ettin skeleton (D:15)
  3 slime creatures
  A basilisk (Lair:1)
  A fire elemental (Orc:2)
  4 yaks (D:12)
  2 vampire mosquitoes (D:12)
  2 nagas (Lair:2)
  A warg (Orc:2)
  A hell hound (Orc:2)
  7 orc warriors
  8 ogres (Orc:2)
  3 centaurs (D:12)
  2 bullfrogs (Lair:2)
  2 wights (D:7)
  A howler monkey (D:13)
  4 orc priests
  An orc wizard (Orc:1)
  A hell rat (Lair:1)
  3 orcs
  A kobold (D:12)
96 creatures vanquished.

Vanquished Creatures (others)
  An orc sorcerer (Lair:1)
  2 orc knights
  5 orc warriors
  8 orc priests
  5 orc wizards
  An ufetubus (D:6)
  37 orcs
  A goblin (D:3)
  3 fungi
  11 plants
  5 withered plants (D:15)
79 creatures vanquished.

Grand Total: 681 creatures vanquished

Notes
Turn   | Place    | Note
-------+----------+-------------------------------------------
     0 | D:1      | Booba the Hill Orc Fighter began the quest for the Orb.
     0 | D:1      | Reached XP level 1. HP: 19/19 MP: 1/1
    71 | D:1      | Reached XP level 2. HP: 27/27 MP: 2/2
   808 | D:2      | Reached XP level 3. HP: 29/33 MP: 3/3
   908 | D:2      | Found Tanotous's Jewellery Shoppe.
  1020 | D:2      | Reached skill level 5 in Axes
  1248 | D:2      | Reached XP level 4. HP: 37/40 MP: 4/4
  1442 | D:2      | Identified the +2 robe "Osizoone" {rElec rPois Int+2}
  1493 | D:2      | Identified the +1 pair of boots of Iwedd {+Inv rF- rN+++
                  | Regen+}
  1678 | D:3      | Found a faded altar of an unknown god.
  1761 | D:3      | Reached XP level 5. HP: 42/46 MP: 5/5
  1874 | D:3      | Noticed Robin
  2076 | D:3      | Killed Robin
  2243 | D:3      | Reached XP level 6. HP: 41/50 MP: 6/6
  3207 | D:5      | Entered Level 5 of the Dungeon
  3207 | D:5      | Noticed a black bear
  3227 | D:5      | Identified the +8 hand axe "Suxkiys" {venom, rN++}
  3287 | D:5      | Found Raxtiu's Fire Supplies.
  3423 | D:5      | Found a glowing drain.
  3437 | Sewer    | Entered a sewer
  3555 | Sewer    | Reached XP level 7. HP: 46/58 MP: 7/7
  3676 | Sewer    | Reached skill level 10 in Axes
  3748 | D:5      | Found a sand-covered staircase.
  3754 | Ossuary  | Entered an ossuary
  4032 | Ossuary  | Noticed Menkaure
  4045 | Ossuary  | Killed Menkaure
  4137 | D:5      | Gained mutation: Your mind is acute. (Int +4, Str/Dex -1)
                  | [potion of mutation]
  4137 | D:5      | Gained mutation: You are partially covered in iridescent
                  | scales. (AC +2) [potion of mutation]
  4137 | D:5      | Gained mutation: Your spells are a little harder to cast,
                  | but a little more powerful. [potion of mutation]
  4138 | D:5      | Lost mutation: You are partially covered in iridescent
                  | scales. (AC +2) [potion of mutation]
  4138 | D:5      | Lost mutation: Your spells are a little harder to cast, but
                  | a little more powerful. [potion of mutation]
  4138 | D:5      | Lost mutation: Your mind is acute. (Int +4, Str/Dex -1)
                  | [potion of mutation]
  4138 | D:5      | Gained mutation: Potions are less effective at restoring
                  | your health. [potion of mutation]
  4138 | D:5      | Gained mutation: You expend magic power (3 MP) to
                  | strengthen your wands. [potion of mutation]
  4138 | D:5      | Gained mutation: You have a pair of small antennae on your
                  | head. [potion of mutation]
  4355 | D:5      | Lost mutation: You expend magic power (3 MP) to strengthen
                  | your wands. [potion of mutation]
  4355 | D:5      | Lost mutation: Potions are less effective at restoring your
                  | health. [potion of mutation]
  4355 | D:5      | Lost mutation: You have a pair of small antennae on your
                  | head. [potion of mutation]
  4355 | D:5      | Gained mutation: Your spells are a little harder to cast,
                  | but a little more powerful. [potion of mutation]
  4484 | D:5      | Reached XP level 8. HP: 65/66 MP: 8/8
  5340 | D:6      | Became a worshipper of Beogh the Brigand
  5504 | D:6      | Found a staircase to the Ecumenical Temple.
  5542 | D:6      | Found Wiugoh's Book Emporium.
  5689 | D:6      | Noticed Pikel
  5699 | D:6      | Killed Pikel
  5700 | D:6      | Reached skill level 15 in Axes
  5700 | D:6      | Reached XP level 9. HP: 60/71 MP: 9/9
  5941 | D:6      | Reached skill level 4 in Fighting
  6129 | D:7      | Identified the +1 battleaxe of Kicanoh {venom, *Slow Fly
                  | rCorr Stlth+}
  6186 | D:7      | Noticed Prince Ribbit
  6194 | D:7      | Reached skill level 1 in Dodging
  6196 | D:7      | Killed Prince Ribbit
  6238 | D:7      | Reached skill level 5 in Fighting
  6381 | D:7      | Identified a scroll of acquirement
  6381 | D:7      | Acquired the +2 pair of slick slippers {slick, slippery,
                  | EV+4}
  6381 | D:7      | Found the +2 pair of slick slippers {slick, slippery, EV+4}
  6494 | D:7      | You fall into a shaft and drop 1 floor!
  6522 | D:8      | Reached * piety under Beogh
  6532 | D:8      | Reached skill level 6 in Fighting
  6672 | D:7      | Reached XP level 10. HP: 84/84 MP: 10/10
  6797 | D:7      | Found a flagged portal.
  6805 | D:7      | Reached skill level 7 in Fighting
  6839 | D:7      | Noticed a gargoyle
  6853 | D:7      | Killed a gargoyle
  6859 | D:7      | Noticed a gargoyle
  6867 | D:7      | Killed a gargoyle
  6868 | D:7      | Reached skill level 5 in Armour
  6871 | D:7      | Noticed a gargoyle
  6880 | D:7      | Killed a gargoyle
  6881 | D:7      | Reached skill level 8 in Fighting
  6881 | D:7      | Reached skill level 5 in Shields
  6928 | D:7      | Noticed a gargoyle
  6938 | D:7      | Killed a gargoyle
  7078 | D:7      | Noticed a gargoyle
  7081 | D:7      | Killed a gargoyle
  7092 | D:7      | Noticed a gargoyle
  7102 | D:7      | Killed a gargoyle
  7842 | D:8      | Reached ** piety under Beogh
  8028 | D:9      | Noticed Erica
  8040 | D:9      | Killed Erica
  8041 | D:9      | Reached XP level 11. HP: 87/95 MP: 11/11
  8389 | D:9      | Noticed a two-headed ogre
  8401 | D:9      | Killed a two-headed ogre
  8750 | D:10     | Entered Level 10 of the Dungeon
  8771 | D:10     | Found a staircase to the Lair.
  8785 | D:10     | Reached skill level 10 in Shields
  8809 | D:10     | Reached *** piety under Beogh
  9138 | D:10     | Noticed a cacodemon
  9139 | D:10     | Found a burning altar of Makhleb.
  9142 | D:10     | Found a glowing silver altar of Zin.
  9143 | D:10     | Noticed an angel
  9224 | D:10     | Found an ornate altar of the Wu Jian Council.
  9226 | D:10     | Found a broken altar of Ashenzari.
  9229 | D:10     | Found a snail-covered altar of Cheibriados.
  9229 | D:10     | Found a blossoming altar of Fedhas.
  9236 | D:10     | Found an opulent altar of Gozag.
  9313 | D:10     | Found a hide-covered altar of Uskayaw.
  9416 | D:11     | Found Kutsoys's Magic Scroll Boutique.
  9423 | D:11     | Bought a scroll of acquirement for 624 gold pieces
  9423 | D:11     | Bought a scroll of magic mapping for 90 gold pieces
  9429 | D:11     | Acquired 948 gold pieces
  9467 | D:11     | Identified the +7 sling "Lyse Lau" {flame, Str-5 Dex+3
                  | Stlth+}
  9705 | D:11     | Reached skill level 10 in Armour
  9706 | D:11     | Paralysed by a hornet for 1 turns
  9710 | D:11     | Reached XP level 12. HP: 42/103 MP: 12/12
  9985 | D:11     | Gained Morun as an ally
  9996 | D:11     | Your ally Morun died
 10306 | D:11     | Reached skill level 1 in Invocations
 10342 | D:11     | Gained Gorm as an ally
 10567 | D:11     | Found a staircase to the Orcish Mines.
 10579 | Orc:1    | Entered Level 1 of the Orcish Mines
 10588 | Orc:1    | Noticed Nergalle
 10617 | Orc:1    | Reached **** piety under Beogh
 10621 | Orc:1    | Your ally Nergalle died
 10669 | Orc:1    | You fall into a shaft and drop 1 floor!
 10669 | Orc:2    | Entered Level 2 of the Orcish Mines
 10669 | Orc:2    | Noticed Azrael
 10690 | Orc:2    | Noticed a two-headed ogre
 10703 | Orc:2    | Killed a two-headed ogre
 10707 | Orc:2    | Noticed an ogre mage
 10711 | Orc:2    | Noticed a two-headed ogre
 10711 | Orc:2    | Noticed an ogre mage
 10731 | Orc:2    | Paralysed by an orc sorcerer for 2 turns
 10733 | Orc:2    | Noticed a sun demon
 10755 | Orc:2    | Noticed a two-headed ogre
 10756 | Orc:2    | Killed a two-headed ogre
 10765 | Orc:2    | Killed an ogre mage
 10772 | Orc:2    | Noticed a two-headed ogre
 10774 | Orc:2    | Noticed a two-headed ogre
 10797 | Orc:2    | Killed a two-headed ogre
 10799 | Orc:2    | Killed a two-headed ogre
 10803 | Orc:2    | Killed a two-headed ogre
 10804 | Orc:2    | Reached skill level 9 in Fighting
 10817 | Orc:2    | Noticed a two-headed ogre
 10825 | Orc:2    | Killed a two-headed ogre
 10826 | Orc:2    | Reached skill level 10 in Fighting
 10827 | Orc:2    | Reached ***** piety under Beogh
 10827 | Orc:2    | Noticed a two-headed ogre
 10829 | Orc:2    | Your ally Gorm died
 10832 | Orc:2    | Killed an ogre mage
 10835 | Orc:2    | Killed a two-headed ogre
 10836 | Orc:2    | Reached XP level 13. HP: 30/115 MP: 11/13
 10837 | Orc:2    | Reached skill level 11 in Fighting
 10850 | Orc:2    | Reached skill level 12 in Fighting
 10951 | Orc:2    | Gained Orik as an ally
 10951 | Orc:2    | Gained Morun as an ally
 11007 | Orc:2    | Your ally Morun died
 11063 | Orc:2    | Found Ytocam's Assorted Antiques.
 11063 | Orc:2    | Found Wosas's Jewellery Shoppe.
 11064 | Orc:2    | Found Hacuyk's Assorted Antiques.
 11064 | Orc:2    | Found Ycwait's Magic Scroll Shop.
 11075 | Orc:2    | Bought a ring of protection from fire for 425 gold pieces
 11077 | Orc:2    | Bought a glowing cloak for 232 gold pieces
 11091 | Orc:2    | Bought a scroll of enchant armour for 127 gold pieces
 11126 | Orc:2    | Reached skill level 13 in Fighting
 11126 | Orc:2    | Killed Azrael
 11189 | Orc:2    | Found a staircase to the Elven Halls.
 11464 | Orc:2    | Found a runed translucent door.
 11467 | Orc:2    | Noticed skewfiend's ghost (journeyman BaFi)
 11649 | Orc:2    | Killed skewfiend's ghost
 13239 | D:12     | Reached skill level 14 in Fighting
 13390 | D:12     | Found a shimmering altar of Xom.
 13799 | D:12     | Found Ilek's Armour Shop.
 13844 | D:12     | Gained Geork as an ally
 14304 | D:13     | Reached skill level 15 in Fighting
 14372 | D:13     | Reached ****** piety under Beogh
 14431 | D:13     | Found a gate to the Vaults.
 14496 | D:13     | Found a flickering gateway to a bazaar.
 14506 | Bazaar   | Entered a bazaar
 14506 | Bazaar   | Found Jacluola's Weapon Boutique.
 14506 | Bazaar   | Found Jixech's Armour Shop.
 14506 | Bazaar   | Found Cawofa's Weapon Shop.
 14575 | D:13     | Found a runed translucent door.
 14742 | D:13     | Identified the ring of the Ageless Priests {rElec rC++
                  | Str+2 Int-4 SInv}
 14742 | D:13     | Noticed a frost giant
 14751 | D:13     | Killed a frost giant
 14752 | D:13     | Reached skill level 16 in Fighting
 14891 | D:13     | Reached XP level 14. HP: 88/137 MP: 14/14
 15241 | D:13     | Identified the +6 mace of the Abyss {freeze, rF++ MP+9
                  | Dex-3}
 15241 | D:13     | Identified the ring of Equilibrium {rC+ rN+}
 15241 | D:13     | Noticed a tengu reaver
 15253 | D:13     | Killed a tengu reaver
 15791 | D:14     | Found Doyph's Weapon Boutique.
 15933 | D:14     | Identified the +5 ring mail of Wu Jian's Whim {-Tele +Inv
                  | rPois Dex-4}
 16066 | D:14     | Identified the +0 scale mail of Oblivion {rPois rF- rC+
                  | Dex+3}
 16363 | D:15     | Entered Level 15 of the Dungeon
 16363 | D:15     | Found a staircase to the Depths.
 16385 | D:15     | Reached skill level 17 in Fighting
 16440 | D:15     | Your ally Orik died
 16449 | D:15     | Reached skill level 5 in Dodging
 16550 | Lair:1   | Entered Level 1 of the Lair of Beasts
 16957 | Lair:1   | Found a gate leading to a gauntlet.
 16977 | Gauntlet | Entered a Gauntlet
 16977 | Gauntlet | Found a transporter.
 16977 | Gauntlet | Found a transporter.
 16977 | Gauntlet | Found a transporter.
 17016 | Gauntlet | Found a transporter.
 17016 | Gauntlet | Found a transporter.
 17018 | Gauntlet | Found a runed translucent door.
 17018 | Gauntlet | Found a runed translucent door.
 17033 | Gauntlet | Found a transporter.
 17033 | Gauntlet | Found a transporter.
 17061 | Gauntlet | Found a runed translucent gate.
 17061 | Gauntlet | Found a runed translucent gate.
 17061 | Gauntlet | Found a runed translucent gate.
 17063 | Gauntlet | Found a transporter.
 17084 | Gauntlet | Identified the ring of Finality {rCorr MP+9}
 17194 | Gauntlet | Found a transporter.
 17350 | Lair:2   | Noticed Gastronok
 17350 | Lair:2   | Found a staircase to the Snake Pit.
 17350 | Lair:2   | Found a staircase to the Swamp.
 17358 | Lair:2   | Killed Gastronok
 18038 | Snake:1  | Entered Level 1 of the Snake Pit
 18077 | Snake:1  | Slain by a salamander

Illustrated notes

Levels and vault maps discovered:
D:1:      psy_arrival_radial01, layout_basic
D:2:      cheibrodos_greedy_goblins, layout_loops_ring, serial_shops, shop,
          minmay_quantized
D:3:      layout_rooms, ebering_ecumenical_altar_webs, uniq_robin
D:4:      layout_basic, serial_bayou, serial_bayou_pond_d, serial_bayou_lake_a,
          serial_bayou_pond_d, serial_bayou_pond_e
D:5:      layout_gridville, nicolae_ossuary_entry_giza, portal_sewer_entry_a,
          nicolae_shop_fire_sale [nicolae_sub_dead_trees]
D:6:      layout_basic, minmay_temple_entry_proselytizer, serial_shops,
          nicolae_shop_peninsula, uniq_pikel
D:7:      cheibrodos_statue_roulette, layout_basic, enter_bailey_1,
          uniq_prince_ribbit1
D:8:      layout_rooms
D:9:      layout_roguey, uniq_erica
D:10:     layout_cave_pools, grunt_temple_overflow_order_and_chaos_2,
          lemuel_round_altar, nicolae_overflow_hallway_of_the_gods,
          david_lair_generic
D:11:     layout_loops_ring, david_orc_4, serial_shops, shop,
          minmay_misc_feat_x, hive_lemuel
D:12:     layout_irregular_city, serial_shops, shop, tgw_xom
D:13:     minmay_the_grid_four_pointed_star
          [minmay_the_grid_triangle_9x9_swiss_cheese,
          minmay_the_grid_triangle_9x9_intruding_spiral,
          minmay_the_grid_triangle_9x9_thin_v,
          minmay_the_grid_triangle_9x9_subtriangle,
          minmay_the_grid_prize_diamond_cup], layout_irregular_city,
          david_vaults_4, serial_shops, bzr_entry_gold
D:14:     cheibrodos_quadrivalence, layout_stronghold, chequers_mini_garden,
          serial_shops, nicolae_shop_bloodbath_and_beyond
D:15:     gammafunk_depths_entry_grave, layout_cave_pods,
          portal_ice_cave_entry_frozen_things, ebering_ghost_reflecting_pool,
          grunt_decor_junction
Lair:1:   layout_misc_corridors, gauntlet_entry_generic,
          chequers_serial_rivers_small_b, minmay_lair_oklob_bushes,
          minmay_shattered_shrine
Lair:2:   layout_layer_cave, skrybe_swamp_entry_bodies,
          minmay_snake_entry_guardpost_small, uniq_gastronok
Snake:1:  layout_chambers, basic_altar, lemuel_altar_in_water2,
          nicolae_snake_snakewalk, uniq_frances
Orc:1:    layout_caves, enter_volcano_4, uniq_nergalle
Orc:2:    st_orc_ogre_mass, layout_caves, hellmonk_ghost_happy_afterlife,
          guppyfry_library_mini, uniq_azrael

Skill      XL: |  1  2  3  4  5  6  7  8  9 10 11 12 13 14 |
---------------+-------------------------------------------+-----
Axes           | 3 4 5 6 7 9 11 15 | 15.6
Fighting       | 6 8 10 16 17 | 17.8
Dodging        | 2 4 5 |  5.5
Armour         | 4 5 10 14 | 14.1
Shields        | 4 8 10 11 | 11.0
Invocations    | 1 |  1.0
Evocations     | |  0.4

Action                     |  1- 3 |  4- 6 |  7- 9 | 10-12 | 13-15 || total
---------------------------+-------+-------+-------+-------+-------++-------
  Melee: War axe           |    72 |   149 |       |       |       ||   221
         Hand axe          |       |    39 |   331 |   606 |   474 ||  1450
  Throw: Throwing net      |       |       |       |       |     1 ||     1
 Invoke: Convert to Beogh  |       |       |     1 |       |       ||     1
         Recall Orcish Fol |       |       |       |     1 |     5 ||     6
         Smiting           |       |       |       |     1 |       ||     1
         Give Item to Name |       |       |       |       |     2 ||     2
         Resurrection      |       |       |       |       |     1 ||     1
Ability: Evoke Invisibilit |       |     1 |       |       |       ||     1
  Evoke: Wand              |       |       |       |     7 |     2 ||     9
         Condenser vane    |       |       |       |       |     2 ||     2
         Phantom mirror    |       |       |       |       |     1 ||     1
    Use: Scroll            |     3 |     8 |    14 |     9 |     4 ||    38
         Potion            |     2 |       |     3 |    21 |     7 ||    33
   Stab: Invisible         |       |     4 |       |     2 |       ||     6
         Distracted        |       |       |       |     2 |     1 ||     3
         Confused          |       |       |       |     1 |     1 ||     2
 Armour: Scale mail        |    18 |       |       |       |       ||    18
         Leather armour    |     7 |    89 |    81 |   132 |   110 ||   419
         Skin              |       |       |       |     5 |    15 ||    20
         Shadow dragon sca |       |       |       |       |    24 ||    24
  Dodge: Dodged            |    27 |    87 |   140 |   241 |   213 ||   708
  Block: Buckler           |    13 |    35 |    53 |   131 |   130 ||   362

Table legend: (Time is in decaauts)
 A = Elapsed time spent in this place.
 B = Non-inter-level travel time spent in this place.
 C = Inter-level travel time spent in this place.
 D = Time resting spent in this place.
 E = Time spent auto-exploring this place.
 F = Levels seen in this place.
 G = Mean time per level.
                   A        B        C        D        E       F      G
               +--------+--------+--------+--------+--------+-----+--------+
         Total |  17749 |  16902 |    847 |   3734 |   8653 |  24 |  739.5 |
       Dungeon |  13389 |  12649 |    740 |   2597 |   7092 |  15 |  892.6 |
          Lair |   1268 |   1214 |     54 |    278 |    698 |   2 |  634.0 |
     Snake Pit |     36 |     36 |      0 |      0 |     15 |   1 |   36.0 |
  Orcish Mines |   2154 |   2101 |     53 |    846 |    691 |   2 | 1077.0 |
        Bazaar |     16 |     16 |      0 |      0 |      0 |   1 |   16.0 |
         Sewer |    325 |    325 |      0 |      0 |     69 |   1 |  325.0 |
       Ossuary |    334 |    334 |      0 |      0 |     69 |   1 |  334.0 |
      Gauntlet |    224 |    224 |      0 |     13 |     19 |   1 |  224.0 |
               +--------+--------+--------+--------+--------+-----+--------+

Top non-repeatable levels by time:
    D:11: 1540 daAuts
     D:6: 1336 daAuts
   Orc:2: 1247 daAuts
     D:7: 1221 daAuts
    D:13: 1091 daAuts
    D:12: 1029 daAuts
     D:4: 956 daAuts
    D:14: 942 daAuts
     D:5: 908 daAuts
   Orc:1: 906 daAuts
     D:2: 862 daAuts
     D:9: 802 daAuts
     D:1: 788 daAuts
  Lair:2: 716 daAuts
     D:3: 661 daAuts
